 Dungeon Crawl Stone Soup version 0.24.1 (webtiles) character file.

Game seed: 9928982744086248297, levelgen mode: deterministic

51 nightchill the Stinger (level 3, 0/21 HPs)
             Began as a Gargoyle Venom Mage on Mar 24, 2020.
             Slain by a worm (10 damage)
             ... on level 2 of the Dungeon.
             The game lasted 00:04:16 (1762 turns).

nightchill the Stinger (Gargoyle Venom Mage)        Turns: 1762, Time: 00:04:16

Health: 0/21       AC:  5    Str: 12    XL:     3   Next: 83%
Magic:  2/6        EV: 12    Int: 15    God:
Gold:   79         SH:  0    Dex: 10    Spells: 5/6 levels left

rFire    . . .     SeeInvis .   h - +0 club
rCold    . . .     Gourm    .   (no shield)
rNeg     + . .     Faith    .   a - +0 robe
rPois    ∞         Spirit   .   (no helmet)
rElec    +         Reflect  .   (no cloak)
rCorr    .         Harm     .   (no gloves)
MR       .....                  (no boots)
Stlth    ++........             (no amulet)
HPRegen  0.07/turn              (no ring)
MPRegen  0.10/turn              (no ring)

@: no status effects
A: negative energy resistance 1, electricity resistance, unbreathing,
petrification resistance, rot immunity, AC +3
a: no special abilities


You were on level 2 of the Dungeon.
You were not hungry.

You visited 1 branch of the dungeon, and saw 2 of its levels.

You collected 79 gold pieces.

Inventory:

Hand Weapons
 e - a +0 short sword
 h - a +0 club (weapon)
 n - a +0 club
Missiles
 f - 42 stones (quivered)
Armour
 a - a +0 robe (worn)
Jewellery
 j - an uncursed ring of ice {unknown}
Scrolls
 d - 5 scrolls of identify {unknown}
 g - a scroll of remove curse {unknown}
 i - a scroll of noise {unknown}
 m - 2 scrolls of teleportation {unknown}
 o - a scroll of fog {unknown}
Potions
 b - a potion of berserk rage {unknown}
 k - 2 potions of flight {unknown}
 l - 2 potions of curing {unknown}
Comestibles
 c - 2 rations


   Skills:
 + Level 1.7 Fighting
 + Level 0.6 Maces & Flails
 - Level 1.5 Dodging
 - Level 2.1 Stealth
 - Level 2.0 Spellcasting
 - Level 1.1 Conjurations
 * Level 4.1 Poison Magic


You had 5 spell levels left.
You knew the following spells:

 Your Spells              Type           Power        Failure   Level  Hunger
a - Sting                 Conj/Pois      #...         8%          1    #......

Your spell library contained the following spells:

 Spells                   Type           Power        Failure   Level  Hunger
 Poisonous Vapours        Pois/Air       #.....       14%         2    ###....
 Mephitic Cloud           Conj/Pois/Air  #.......     32%         3    ###....
 Olgreb's Toxic Radiance  Pois           ##......     38%         4    #####..
 Venom Bolt               Conj/Pois      #.........   91%         5    ######.


Dungeon Overview and Level Annotations

Branches:
Dungeon (2/15)

Altars:
Cheibriados


Innate Abilities, Weirdness & Mutations

You are resistant to torment.
Your stone body is resilient. (AC +3)
You are immune to poison.
You resist negative energy. (rN+)
You are resistant to electric shocks. (rElec)
You can survive without breathing.
You are immune to petrification.
You are immune to rotting.


Message History

The worm is severely wounded.
The worm closely misses you.
You hit the worm.
The worm is severely wounded.
The worm closely misses you.
You completely miss the worm.
The worm is severely wounded.
The worm closely misses you.
You hit the worm.
The worm is severely wounded.
The worm closely misses you.
You hit the worm.
The worm is severely wounded.
You hit the worm but do no damage.
The worm is severely wounded.
The worm completely misses you.
You barely miss the worm.
The worm is severely wounded.
The worm bites you!
You die...

#..>..........###.
##..#....#........# #
##.................####.
#.#......###..............
........w.#.........>.....##
..............####..........
.#........#.### #.<###.....
............#### #.....[#
##..........w@.###.....####
...##########.........#...
.?. #######......... .#
..............##
#######.....###
########..#...#
#............##
#.........._.#
#............#


You could see a worm.

Vanquished Creatures
  An adder (D:2)
  2 oozes (D:1)
  A dart slug (D:2)
  A leopard gecko (D:2)
  5 bats (D:1)
  A giant cockroach (D:1)
  3 goblins
  6 hobgoblins
  4 kobolds
  A ball python (D:2)
  3 frilled lizards (D:1)
  4 rats (D:1)
32 creatures vanquished.

Notes
Turn   | Place    | Note
-------+----------+-------------------------------------------
     0 | D:1      | nightchill the Gargoyle Venom Mage began the quest for the
                  | Orb.
     0 | D:1      | Reached XP level 1. HP: 10/10 MP: 3/3
   284 | D:1      | Reached XP level 2. HP: 15/16 MP: 5/5
   453 | D:1      | Reached skill level 1 in Fighting
   880 | D:1      | Reached XP level 3. HP: 16/20 MP: 3/6
  1318 | D:2      | Noticed a phantom
  1431 | D:2      | Found a snail-covered altar of Cheibriados.
  1448 | D:2      | Reached skill level 4 in Poison Magic
  1762 | D:2      | Slain by a worm

Levels and vault maps discovered:
D:1:      giann_horns, layout_rooms, minmay_tetromino_l4
D:2:      layout_rooms, cheibriados_altar_1, first_ration, uniq_terence

Skill      XL: |  1  2  3 |
---------------+----------+-----
Fighting       | 1 |  1.7
Poison Magic   | 4 |  4.1
Maces & Flails | |  0.6
Dodging        | |  1.5
Stealth        | |  2.1
Spellcasting   | |  2.0
Conjurations   | |  1.1

Action                   || total
-------------------------++-------
Melee: Short sword       ||    61
       Club              ||    61
 Cast: Sting             ||    30
 Stab: Sleeping          ||     1
  Eat: Chunk             ||     3
Armor: Robe              ||    59
Dodge: Dodged            ||   105
